 Dungeon Crawl Stone Soup version 0.29-a0-559-g359e09b9d1 (webtiles) character file.

Game seed: 14888630889525031371

152 gruber the Chiller (level 5, -3/38 HPs)
             Began as a Draconian Ice Elementalist on June 10, 2022.
             Slain by Crazy Yiuf
             ... wielding a +4 quarterstaff of chaos
              (16 damage)
             ... on level 3 of the Dungeon.
             The game lasted 00:03:00 (3334 turns).

gruber the Chiller (Draconian Ice Elementalist)     Turns: 3334, Time: 00:03:01

Health: -3/38      AC:  5    Str: 10    XL:     5   Next: 11%
Magic:  5/10       EV: 12    Int: 17    God:
Gold:   177        SH:  0    Dex: 12    Spells: 7/11 levels left

rFire   . . .      SeeInvis .   i - +0 whip (venom)
rCold   . . .      Faith    .   (no shield)
rNeg    + . .      Spirit   .   (body armour unavailable)
rPois   .          Reflect  .   (helmet restricted)
rElec   .          Harm     .   (no cloak)
rCorr   .          Rampage  .   (no gloves)
Will    +....                   (no boots)
Stlth   ++........              (no amulet)
HPRegen 0.12/turn               q - ring of willpower
MPRegen 0.12/turn               c - ring of positive energy

@: freezing walls
A: AC +5, unfitting armour, cold-blooded
a: no special abilities


You were on level 3 of the Dungeon.
You visited 1 branch of the dungeon, and saw 3 of its levels.

You collected 177 gold pieces.

Inventory:

Hand Weapons
 i - a +0 whip of venom (weapon)
Missiles
 h - 9 poisoned darts
Jewellery
 c - a ring of positive energy (right hand)
 q - a ring of willpower (left hand)
Scrolls
 b - a scroll of magic mapping {unknown}
 d - a scroll of immolation {unknown}
 e - 2 scrolls of identify {unknown}
 f - 2 scrolls of summoning {unknown}
 g - a scroll of enchant weapon {unknown}
 l - a scroll of enchant armour {unknown}
 n - 2 scrolls of amnesia {unknown}
 o - a scroll of blinking {unknown}
 r - 2 scrolls of teleportation {unknown}
Potions
 a - a potion of magic
 j - a potion of might {unknown}
 k - a potion of cancellation {unknown}
 m - 2 potions of curing {unknown}
 p - a potion of mutation {unknown}
 s - a potion of lignification {unknown}


   Skills:
 - Level 1.7 Dodging
 - Level 1.7 Stealth
 + Level 3.5 Spellcasting
 + Level 5.5 Ice Magic


You had 7 spell levels left.
You knew the following spells:

 Your Spells              Type           Power      Damage    Failure   Level
a - Freeze                Ice            84%        1d10      1%          1
b - Frozen Ramparts       Ice            42%        1d6       4%          3

Your spell library contained the following spells:

 Spells                   Type           Power      Damage    Failure   Level
 Ozocubu's Armour         Ice            21%        N/A       4%          3
 Magic Dart               Conj           8%         1d3       17%         1
 Searing Ray              Conj           4%         2d4       26%         2
 Hailstorm                Conj/Ice       12%        3d5       47%         4
 Fulminant Prism          Conj/Hex       1%         3d6       86%         4
 Dispersal                Tloc           1%         N/A       100%        6
 Disjunction              Tloc           1%         N/A       100%        8


Dungeon Overview and Level Annotations

Branches:
Dungeon (3/15)

Altars:

Shops:
D:3 *

Annotations:
D:3 Crazy Yiuf


Innate Abilities, Weirdness & Mutations

Your plain brown scales are hard. (AC +5)
You cannot fit into any form of body armour.
You are cold-blooded and may be slowed by cold attacks.


Message History

You see here a worm corpse.
You see here a worm corpse.
You see here a +0 club.
Things that are here:
a +0 club; a +0 hunting sling; a +0 club
Things that are here:
a +0 trident; a +0 animal skin; a +0 helmet
Items here: )))).
Could not explore, unopened runed door.
Could not explore, unopened runed door.
Could not explore, unopened runed door.
Casting: Frozen Ramparts (dangerous; 4% risk of failure)
Confirm with . or Enter, or press ? or * to list all spells.
You can't see any susceptible monsters within range! (Use Z to cast anyway.) Unknown command.
Unknown command.
Casting: Frozen Ramparts (dangerous; 4% risk of failure)
Confirm with . or Enter, or press ? or * to list all spells.
Casting: Frozen Ramparts (dangerous; 4% risk of failure)
Press: ? - help, Dir - look around, f - activate The walls around you are covered in ice.
Unknown command.
You open the door.
The wall freezes Crazy Yiuf.
You freeze Crazy Yiuf.
Crazy Yiuf is moderately wounded.
The wall freezes Crazy Yiuf.
Crazy Yiuf hits you with a +4 quarterstaff of chaos!
Space warps horribly around you!
You are too injured to fight recklessly!
You are too injured to fight recklessly!
Casting: Freeze (safe; 1% risk of failure)
Confirm with . or Enter, or press ? or * to list all spells.
Aiming: Freeze (safe; 1% risk of failure)
Press: ? - help, Shift-Dir - straight line, f/p - Crazy Yiuf
Aim: Crazy Yiuf, wielding a +4 quarterstaff of chaos and wearing a +1 cloak (heavily wounded)
You freeze Crazy Yiuf.
Crazy Yiuf is severely wounded.
The wall freezes Crazy Yiuf.
Crazy Yiuf hits you with a +4 quarterstaff of chaos!
You die...

#.#..#
#.##...........#
#.#..#
#.##...........#
#....#
#.##.###.###)#.#
#...## ###### ###
#)#.# # #.### #)#.####
#†# ########.#.##..
#.# ###
###.#...#..#.##.#
#.###
#...##..#.......#.≈≈≈.
#.#.#
#...g@####......#.##≈≈
#.#.# #)..###
##..#..#.##.≈ #.#.#
### ####........ #...#
#.####### ###.# #.#
#.############ #.#
#.##.##...##.# #<#
#.##......##.# #.#
#.#####...##.# #.#


You could see Crazy Yiuf.

Vanquished Creatures
  An orc wizard (D:3)
  Robin (D:3)
  4 adders
  A worm (D:3)
  A dart slug (D:3)
  4 orcs (D:3)
  4 ball pythons
  4 endoplasms
  3 giant cockroaches
  11 goblins
  9 hobgoblins
  5 kobolds
  6 quokkas
  9 bats
  2 frilled lizards
  3 rats
68 creatures vanquished.

Notes
Turn   | Place    | Note
-------+----------+-------------------------------------------
     0 | D:1      | gruber the Draconian Ice Elementalist began the quest for
                  | the Orb.
     0 | D:1      | Reached XP level 1. HP: 14/14 MP: 3/3
   806 | D:1      | Reached XP level 2. HP: 20/20 MP: 1/5
  1778 | D:2      | Reached XP level 3. HP: 26/26 MP: 2/6
  1954 | D:2      | Reached skill level 5 in Ice Magic
  2465 | D:2      | Learned a level 3 spell: Frozen Ramparts
  2511 | D:3      | Reached XP level 4. HP: 33/33 MP: 5/8
  2635 | D:3      | Noticed Robin
  2642 | D:3      | Killed Robin
  2715 | D:3      | Found Pualob's General Store.
  2784 | D:3      | Reached XP level 5. HP: 38/38 MP: 5/10
  3147 | D:3      | Found a runed translucent door.
  3328 | D:3      | Noticed Crazy Yiuf
  3334 | D:3      | Slain by Crazy Yiuf

Illustrated notes

Levels and vault maps discovered:
D:1:      dpeg_cavernosity, layout_loops_corners
D:2:      layout_loops_ring, minmay_joined_circles
D:3:      layout_loops_ring, serial_shops, nicolae_shop_behind_doors,
          chequers_serial_rivers_small_a, uniq_crazy_yiuf_cottage, uniq_robin

Skill      XL: |  1  2  3  4 |
---------------+-------------+-----
Ice Magic      | 5 |  5.5
Spellcasting   | 3 |  3.5
Dodging        | |  1.7
Stealth        | |  1.7

Action                   |  1- 3 |  4- 6 || total
-------------------------+-------+-------++-------
Melee: Unarmed           |    10 |       ||    10
       Whip              |    58 |    27 ||    85
       Tailslap          |     7 |     1 ||     8
       Punch             |     1 |       ||     1
 Cast: Freeze            |    32 |     8 ||    40
       Frozen Ramparts   |       |     4 ||     4
 Stab: Sleeping          |     4 |       ||     4
Armor: Skin              |    46 |    14 ||    60
Dodge: Dodged            |    73 |    23 ||    96

Table legend: (Time is in decaauts)
 A = Elapsed time spent in this place.
 B = Non-inter-level travel time spent in this place.
 C = Inter-level travel time spent in this place.
 D = Time resting spent in this place.
 E = Time spent auto-exploring this place.
 F = Levels seen in this place.
 G = Mean time per level.
                   A        B        C        D        E       F      G
               +--------+--------+--------+--------+--------+-----+--------+
         Total |   3345 |   3259 |     86 |      0 |   2856 |   3 | 1115.0 |
       Dungeon |   3345 |   3259 |     86 |      0 |   2856 |   3 | 1115.0 |
               +--------+--------+--------+--------+--------+-----+--------+

Top non-repeatable levels by time:
     D:1: 1388 daAuts
     D:2: 1118 daAuts
     D:3: 838 daAuts
